 Dungeon Crawl Stone Soup version 0.23.2-40-g277498a001 (webtiles) character file.

Game seed: 16229359300189933052

38805 Clehvi the Unseen (level 13, -4/70 HPs)
             Began as a Spriggan Enchanter on Oct 17, 2019.
             Was the Champion of Nemelex Xobeh.
             Shot with an arrow by a centaur warrior (9 damage)
             ... on level 13 of the Dungeon on Oct 18, 2019.
             The game lasted 02:45:02 (24773 turns).

Clehvi the Unseen (Spriggan Enchanter)             Turns: 24773, Time: 02:45:03

Health: -4/70      AC: 12    Str:  8    XL:     13   Next: 65%
Magic:  19/28      EV: 30    Int: 16    God:    Nemelex Xobeh [******]
Gold:   1069       SH:  0    Dex: 18    Spells: 22/32 levels left

rFire    . . .     SeeInvis +   a - +3 dagger (protect)
rCold    . . .     Gourm    .   (shield restricted)
rNeg     . . .     Faith    .   t - +1 robe
rPois    +         Spirit   .   G - +2 hat
rElec    .         Reflect  .   (no cloak)
rCorr    .         Harm     .   (gloves unavailable)
MR       +++..                  (boots unavailable)
Stlth    +++++++...             W - amulet of magic regeneration
HPRegen  0.21/turn              H - ring of poison resistance
MPRegen  0.46/turn              g - ring of protection from magic

@: protection aura, very slightly contaminated, very quick
A: very small, unfitting armour, see invisible, herbivore, speed 3, slow
metabolism 2
a: Draw Escape, Draw Destruction, Draw Summoning, Triple Draw, Deal Four, Stack
Five, Renounce Religion


You were on level 13 of the Dungeon.
You worshipped Nemelex Xobeh.
Nemelex Xobeh was exalted by your worship.
You were near starving.

You visited 3 branches of the dungeon, and saw 19 of its levels.
You also visited: Sewer.

You collected 1069 gold pieces.

Inventory:

Hand Weapons
 a - a +3 dagger of protection (weapon)
 b - a +0 blowgun
 x - a +4 short sword of speed
Missiles
 l - 308 stones
 p - 39 poisoned needles
 S - a throwing net (quivered)
Armour
 t - a +1 robe (worn)
 G - a +2 hat (worn)
Magical Staves
 Q - an uncursed staff of summoning
Jewellery
 g - a ring of protection from magic (right hand)
 w - an uncursed ring of wizardry
 H - a ring of poison resistance (left hand)
 U - an uncursed ring of fire {unknown}
 W - an amulet of magic regeneration (around neck)
 Y - an uncursed ring of magical power
Wands
 I - a wand of paralysis (16)
 K - a wand of acid (19)
 M - a wand of clouds (7)
 N - a wand of flame (11)
 O - a wand of polymorph (15)
 R - a wand of iceblast (9)
 T - a wand of disintegration (11)
 V - a wand of enslavement (7)
Scrolls
 c - 2 scrolls of enchant armour
 h - 2 scrolls of noise
 i - 2 scrolls of teleportation {unknown}
 k - 7 scrolls of remove curse
 n - 2 scrolls of immolation {unknown}
 q - 7 scrolls of enchant weapon
 r - 7 scrolls of identify
 s - a scroll of fear {unknown}
 y - a scroll of blinking {unknown}
 z - 3 scrolls of fog {unknown}
 D - 4 scrolls of magic mapping
 E - 4 scrolls of random uselessness {unknown}
 L - 5 scrolls of amnesia {unknown}
 P - a scroll of torment {unknown}
Potions
 e - 2 potions of ambrosia {unknown}
 f - 2 potions of heal wounds
 j - 7 potions of curing
 m - 2 potions of mutation
 o - 4 potions of invisibility
 u - 4 potions of haste
 v - 2 potions of magic {unknown}
 A - 5 potions of lignification
 B - 4 potions of flight
 C - 2 potions of might
 F - 2 potions of cancellation
 J - a potion of berserk rage {unknown}
 X - 4 potions of agility
 Z - 2 potions of brilliance {unknown}
Comestibles
 d - 21 rations


   Skills:
 + Level 9.0 Fighting
 - Level 10.0 Short Blades
 + Level 13.5 Dodging
 + Level 16.8 Stealth
 - Level 10.0 Spellcasting
 - Level 6.0 Hexes
 + Level 7.4 Invocations
 + Level 6.7 Evocations


You had 22 spell levels left.
You knew the following spells:

 Your Spells              Type           Power        Failure   Level  Hunger
a - Ensorcelled Hibernat  Hex/Ice        ###...       4%          2    None
b - Corona                Hex            ####...      1%          1    None
c - Confuse               Hex            ####....     2%          3    None
d - Tukima's Dance        Hex            ####....     2%          3    None
e - Confusing Touch       Hex            ####..       1%          1    None

Your spell library contained the following spells:

 Spells                   Type           Power        Failure   Level  Hunger
 Dazzling Spray           Conj/Hex       ###...       8%          3    None
 Animate Skeleton         Necr           N/A          9%          1    None
 Apportation              Tloc           #.....       9%          1    None
 Magic Dart               Conj           #...         9%          1    None
 Sandblast                Erth           #.....       9%          1    None
 Summon Small Mammal      Summ           #...         9%          1    None
 Passwall                 Tmut/Erth      #.......     14%         2    None
 Searing Ray              Conj           #.....       14%         2    None
 Gell's Gravitas          Tloc           #.........   26%         3    None
 Stone Arrow              Conj/Erth      #.....       26%         3    None
 Fulminant Prism          Conj/Hex       ###.......   26%         4    ###....
 Metabolic Englaciation   Hex/Ice        ###.......   58%         5    #####..
 Yara's Violent Unravell  Hex/Tmut       ###.......   58%         5    #####..
 Force Lance              Conj/Tloc      #.......     65%         4    ###....
 Iskenderun's Mystic Bla  Conj           #.......     65%         4    ###....
 Petrify                  Tmut/Erth      #.......     65%         4    ###....
 Lee's Rapid Deconstruct  Erth           #.........   94%         5    #####..


Dungeon Overview and Level Annotations

Branches:
Dungeon (11/15)              Lair (6/6) D:10          Swamp (1/4) Lair:3
  Snake (0/4) Lair:4        Slime (0/5) Lair:5
 Temple: D:4-7          Orc: D:9-12

Altars:
Ashenzari
Kikubaaqudgha
Nemelex Xobeh
Ru
Sif Muna
Beogh
Jiyva

Shops:
D:5 [   D:10 (

Annotations:
D:4 2 transporters, yogakurto's ghost, novice MiSu
Lair:2 exclusion: 3 oklob plants


Innate Abilities, Weirdness & Mutations

You are very small and have problems with some larger weapons.
You are too small for most types of armour.
You have supernaturally acute eyesight. (SInv)
You are a herbivore.
You cover ground extremely quickly.
You need to consume almost no food.


Message History

* * * LOW HITPOINT WARNING * * *
Your +0 rapier hits the deep elf mage!
The centaur is engulfed in a cloud of scalding steam.
The centaur hits you!
* * * LOW HITPOINT WARNING * * *
You hit the wraith but do no damage.
Your weapon exudes an aura of protection.
The deep elf mage is engulfed in a cloud of scalding steam.
The deep elf mage dies!
The neqoxec disappears in a puff of smoke!
The smoke demon disappears in a puff of smoke!
The demonic crawler disappears in a puff of smoke!
The hell rat disappears in a puff of smoke!
The wraith misses you.
The centaur is engulfed in a cloud of scalding steam.
The centaur wields a +0 shortbow.
The centaur shoots an arrow.
The arrow closely misses you.
The centaur warrior shoots an arrow.
The arrow hits you!
You die...
Your body disappears without a glow.

###### ### #(...#
....######(...#
#....(.##....#
#.....@##....#
#.....W.§^c..#
#......§c)c§.#
.........(........
##......>.........
####...?.##.#####
####... .# #.#####
#.#


You could see a centaur warrior, a wraith, 2 centaurs and a friendly +0 rapier.

Vanquished Creatures
  3 hydras
  Erolcha (D:9)
  Harold (D:9)
  The ghost of Dickchan the Fighter, a novice DsSk (D:10)
  Nergalle (Lair:2)
  An unseen horror (D:11)
  A manticore (D:11)
  4 elephants (Lair:5)
  7 black mambas
  10 spiny frogs
  An efreet (D:10)
  A freezing wraith (D:11)
  7 komodo dragons
  2 polar bears (Lair:5)
  A troll (D:10)
  11 blink frogs
  2 hornets
  11 dream sheep
  8 hippogriffs
  A wraith (D:10)
  37 yaks
  5 wyverns
  Eustachio (D:4)
  5 basilisks
  Grum (D:10)
  2 vampire mosquitoes (Lair:3)
  A hungry ghost (D:7)
  3 nagas (Lair:4)
  14 porcupines
  7 water moccasins
  A hornet zombie (D:11)
  3 black bears
  2 sky beasts
  4 ice beasts
  7 orc warriors
  Purgy (D:3)
  A necrophage (D:7)
  2 phantoms
  5 centaurs
  10 ogres
  3 wolves (D:10)
  16 crocodiles
  6 big kobolds
  13 bullfrogs
  4 scorpions
  A killer bee (D:11)
  2 wights (D:11)
  A howler monkey (D:8)
  An electric eel (Lair:2)
  5 crimson imps
  A centaur zombie (D:9)
  A quasit (D:7)
  2 hounds
  7 orc priests
  10 orc wizards
  Jessica (D:2)
  7 iguanas
  Natasha (thrice) (D:2)
  6 worker ants
  A killer bee zombie (D:6)
  A hound skeleton (D:7)
  Robin (D:2)
  3 gnolls (D:2)
  2 worker ant zombies
  23 adders
  5 river rats
  3 shadow imps
  6 oozes
  An adder zombie (D:5)
  9 worms
  13 leopard geckos
  28 orcs
  6 bat zombies (D:6)
  4 giant cockroaches
  14 goblins
  10 hobgoblins
  8 jackals
  4 quokkas
  5 ball pythons
  5 bats
  5 frilled lizards
  A jackal zombie (D:5)
  15 kobolds
  A quokka zombie (D:7)
  6 rats
  4 fungi
  2 plants
463 creatures vanquished.

Vanquished Creatures (collateral kills)
  Grinder (D:3)
  A yak (Lair:3)
  A wight (D:11)
  An orc wizard (D:11)
  3 orcs
  A plant (Lair:2)
8 creatures vanquished.

Vanquished Creatures (others)
  A deep elf mage (D:13)
  7 dancing weapons
  18 fungi
  14 plants
  3 toadstools (D:10)
43 creatures vanquished.

Grand Total: 514 creatures vanquished

Notes
Turn   | Place    | Note
-------+----------+-------------------------------------------
     0 | D:1      | Clehvi the Spriggan Enchanter began the quest for the Orb.
     0 | D:1      | Reached XP level 1. HP: 9/9 MP: 5/5
   442 | D:1      | Reached XP level 2. HP: 13/13 MP: 6/6
  1459 | D:2      | Noticed Jessica
  1464 | D:2      | Killed Jessica
  1464 | D:2      | Reached skill level 5 in Stealth
  1464 | D:2      | Reached XP level 3. HP: 16/16 MP: 8/8
  2381 | D:2      | Reached XP level 4. HP: 21/21 MP: 9/9
  2385 | D:2      | Learned a level 2 spell: Ensorcelled Hibernation
  2389 | D:2      | Learned a level 3 spell: Confuse
  2397 | D:2      | Noticed Robin
  2482 | D:2      | Found a sparkling altar of Nemelex Xobeh.
  2514 | D:2      | Killed Robin
  2596 | D:2      | Reached skill level 6 in Stealth
  2995 | D:3      | Noticed Purgy
  3021 | D:3      | Killed Purgy
  3021 | D:3      | Reached skill level 5 in Short Blades
  3021 | D:3      | Reached XP level 5. HP: 24/24 MP: 10/10
  3089 | D:2      | Reached skill level 7 in Stealth
  3431 | D:2      | Became a worshipper of Nemelex Xobeh the Trickster
  3495 | D:3      | Reached XP level 6. HP: 26/28 MP: 9/11
  3661 | D:3      | Noticed Natasha
  3680 | D:3      | Received a gift from Nemelex Xobeh
  4135 | D:2      | Killed Natasha
  4276 | D:2      | Noticed Natasha
  4290 | D:2      | Killed Natasha
  4512 | D:2      | Noticed Natasha
  4520 | D:2      | Killed Natasha
  4652 | D:3      | Noticed Grinder
  4729 | D:3      | Killed Grinder
  4729 | D:3      | Reached skill level 1 in Fighting
  4729 | D:3      | Reached skill level 8 in Stealth
  4729 | D:3      | Reached skill level 1 in Invocations
  5288 | D:3      | Found a faded altar of an unknown god.
  5455 | D:4      | Noticed Eustachio
  5496 | D:4      | Reached * piety under Nemelex Xobeh
  5529 | D:4      | Found a glowing drain.
  5540 | Sewer    | Entered a sewer
  5619 | Sewer    | Reached XP level 7. HP: 33/33 MP: 9/12
  6522 | Sewer    | Reached skill level 5 in Dodging
  6815 | D:5      | Entered Level 5 of the Dungeon
  7045 | D:4      | Noticed yogakurto's ghost (novice MiSu)
  7046 | D:4      | Found a transporter.
  7065 | D:4      | Found a transporter.
  7119 | D:4      | Reached XP level 8. HP: 39/39 MP: 8/13
  7297 | D:4      | Found a shattered altar of Ashenzari.
  7323 | D:4      | Reached skill level 9 in Stealth
  7382 | D:4      | Learned a level 3 spell: Tukima's Dance
  7986 | D:4      | Killed Eustachio
  8477 | D:5      | Received a gift from Nemelex Xobeh
  8520 | D:5      | Found Pemusk's Antique Armour Shop.
  9017 | D:5      | Reached skill level 5 in Hexes
  9260 | D:4      | Reached XP level 9. HP: 28/44 MP: 16/16
  9526 | D:5      | Reached skill level 10 in Stealth
  9609 | D:5      | You fall through a shaft for 3 floors!
  9915 | D:7      | Reached ** piety under Nemelex Xobeh
  9948 | D:6      | Reached skill level 5 in Spellcasting
 10083 | D:6      | Received a gift from Nemelex Xobeh
 10466 | D:6      | Found an ancient bone altar of Kikubaaqudgha.
 10555 | D:6      | Found a deep blue altar of Sif Muna.
 12050 | D:7      | Received a gift from Nemelex Xobeh
 12209 | D:8      | Reached *** piety under Nemelex Xobeh
 12225 | D:8      | Reached skill level 11 in Stealth
 12422 | D:8      | Reached XP level 10. HP: 51/51 MP: 18/21
 13057 | D:9      | Received a gift from Nemelex Xobeh
 13727 | D:9      | Noticed Erolcha
 13748 | D:9      | Killed Erolcha
 13776 | D:9      | Reached skill level 5 in Fighting
 13899 | D:9      | Learned a level 1 spell: Confusing Touch
 13931 | D:9      | Reached skill level 1 in Evocations
 14054 | D:9      | Found a sacrificial altar of Ru.
 14085 | D:9      | Noticed Harold
 14101 | D:9      | Killed Harold
 14101 | D:9      | Reached skill level 12 in Stealth
 14574 | D:9      | Received a gift from Nemelex Xobeh
 14622 | D:10     | Entered Level 10 of the Dungeon
 14750 | D:10     | Reached XP level 11. HP: 54/56 MP: 25/25
 14816 | D:10     | Found a staircase to the Lair.
 15000 | D:10     | Reached **** piety under Nemelex Xobeh
 15229 | D:10     | Noticed Grum
 15260 | D:10     | Killed Grum
 15267 | D:10     | Reached skill level 10 in Dodging
 15278 | D:10     | Found Ociyruap's Weapon Boutique.
 15327 | D:10     | Found a runed translucent gate.
 15327 | D:10     | Found a runed translucent gate.
 15387 | D:10     | Received a gift from Nemelex Xobeh
 15910 | D:10     | Found a runed translucent gate.
 15913 | D:10     | Identified the +8 plate armour "Gufiulel" {Stlth+}
 15917 | D:10     | Noticed Dickchan's ghost (novice DsSk)
 15918 | D:10     | Found a roughly hewn altar of Beogh.
 15991 | Lair:1   | Entered Level 1 of the Lair of Beasts
 16114 | D:10     | Reached skill level 10 in Spellcasting
 16413 | Lair:1   | Received a gift from Nemelex Xobeh
 16848 | Lair:1   | Received a gift from Nemelex Xobeh
 17045 | Lair:1   | Reached skill level 13 in Stealth
 17202 | Lair:1   | Reached skill level 10 in Short Blades
 17603 | Lair:2   | Reached skill level 5 in Invocations
 18104 | Lair:2   | Reached ***** piety under Nemelex Xobeh
 18169 | Lair:2   | Reached XP level 12. HP: 54/62 MP: 19/27
 18274 | Lair:2   | Noticed Nergalle
 18287 | Lair:2   | Killed Nergalle
 18448 | Lair:2   | Reached skill level 14 in Stealth
 19094 | Lair:3   | Noticed a six-headed hydra
 19096 | Lair:3   | Received a gift from Nemelex Xobeh
 19117 | Lair:3   | Killed a six-headed hydra
 19392 | Lair:3   | Received a gift from Nemelex Xobeh
 19753 | Lair:3   | Found a staircase to the Swamp.
 19755 | Lair:3   | Noticed a five-headed hydra
 19760 | Lair:3   | Reached skill level 15 in Stealth
 20191 | Lair:3   | Killed a five-headed hydra
 20494 | Lair:3   | Received a gift from Nemelex Xobeh
 20626 | Swamp:1  | Entered Level 1 of the Swamp
 21173 | Lair:4   | Found a staircase to the Snake Pit.
 21499 | Lair:4   | Received a gift from Nemelex Xobeh
 21864 | Lair:4   | Reached XP level 13. HP: 69/69 MP: 23/28
 22077 | Lair:4   | Reached skill level 16 in Stealth
 22296 | Lair:5   | Received a gift from Nemelex Xobeh
 22712 | Lair:5   | Reached skill level 5 in Evocations
 22832 | Lair:5   | Received a gift from Nemelex Xobeh
 23065 | Lair:5   | Found a viscous altar of Jiyva.
 23066 | Lair:5   | Found a staircase to the Slime Pits.
 23403 | Lair:6   | Entered Level 6 of the Lair of Beasts
 24134 | D:10     | Killed Dickchan's ghost
 24404 | D:11     | Received a gift from Nemelex Xobeh
 24542 | D:11     | Reached ****** piety under Nemelex Xobeh
 24759 | D:11     | You fall through a shaft for 2 floors!
 24770 | D:13     | Received a gift from Nemelex Xobeh
 24773 | D:13     | Shot with an arrow by a centaur warrior

Skill      XL: |  1  2  3  4  5  6  7  8  9 10 11 12 13 |
---------------+----------------------------------------+-----
Short Blades   | 2 3 5 6 7 8 10 | 10.0
Stealth        | 5 6 7 8 9 11 12 13 15 16 | 16.8
Fighting       | 1 2 3 4 5 6 8 9 |  9.0
Dodging        | 4 5 6 8 9 10 12 13 | 13.5
Invocations    | 1 2 3 5 6 7 |  7.4
Spellcasting   | 3 4 6 9 10 | 10.0
Hexes          | 4 5 6 |  6.0
Evocations     | 2 4 6 |  6.7

Action                   |  1- 3 |  4- 6 |  7- 9 | 10-12 | 13-15 || total
-------------------------+-------+-------+-------+-------+-------++-------
Melee: Dagger            |   106 |   201 |   755 |   683 |   242 ||  1987
       Short sword       |     5 |    43 |    22 |       |       ||    70
 Fire: Blowgun           |       |       |    76 |     9 |       ||    85
Throw: Stone             |    47 |    36 |    89 |     4 |       ||   176
       Throwing net      |     4 |     5 |     1 |       |       ||    10
 Cast: Ensorcelled Hiber |       |    19 |    21 |   185 |   118 ||   343
       Confuse           |       |     5 |    12 |    35 |    29 ||    81
       Tukima's Dance    |       |       |     5 |     7 |    11 ||    23
       Corona            |       |       |     1 |       |       ||     1
       Confusing Touch   |       |       |       |    30 |    16 ||    46
 Abil: Draw Destruction  |       |     1 |     5 |     4 |     5 ||    15
       Draw Summoning    |       |     1 |       |       |     1 ||     2
       Draw Escape       |       |       |       |       |     4 ||     4
Evoke: Wand              |       |       |       |     5 |     2 ||     7
       Box of beasts     |       |       |       |     1 |       ||     1
  Use: Scroll            |       |     5 |     5 |     7 |       ||    17
 Stab: Sleeping          |     9 |    25 |    34 |   106 |    63 ||   237
       Distracted        |       |     1 |     1 |     1 |       ||     3
       Held in net/web   |       |       |     1 |       |       ||     1
       Confused          |       |       |     5 |    34 |    20 ||    59
  Eat: Ration            |       |     2 |     5 |     5 |     1 ||    13
Armor: Robe              |     9 |    23 |    79 |    27 |    22 ||   160
Dodge: Dodged            |    72 |   136 |   468 |   398 |   272 ||  1346
